SL
VANCOUVER GREY WOLVES @ FT. WORTH CATTLEMEN
08/02/2029
 
TOP OF THE 1ST
Vancouver Grey Wolves batting - Pitching for Ft. Worth Cattlemen : RHP Nicholas Wells
Pitching: RHP Nicholas Wells
Batting: RHB Hank Scorpio 0-0: Ball
1-0: SINGLE (Groundball, 6MD)
Batting: LHB David Smith 0-0: Ball
1-0: Ball
2-0: Foul Ball, location: 2F
2-1: Foul Ball, location: 2F
2-2: Ground out 4-3 (Groundball, 34D)
Hank Scorpio to second
Batting: LHB Gustavo Cortéz 0-0: Ball
1-0: Ball
2-0: Ground out U3 (Groundball, 3)
Hank Scorpio to third
Batting: RHB Hugh Mungus 0-0: Ball
1-0: Called Strike
1-1: SINGLE (Groundball, 56D)
Hank Scorpio scores
Batting: LHB Preston Witt 0-0: Fly out, F8 (Flyball, 8RM)
Top of the 1st over - 1 run, 2 hits, 0 errors, 1 left on base; Vancouver 1 - Ft. Worth 0
BOTTOM OF THE 1ST
Ft. Worth Cattlemen batting - Pitching for Vancouver Grey Wolves : RHP Juan Pérez
Pitching: RHP Juan Pérez
Batting: LHB Jesús Morales 0-0: Ball
1-0: Ball
2-0: Ball
3-0: Called Strike
3-1: Foul Ball, location: 2F
3-2: Foul Ball, location: 2F
3-2: Fly out, F9 (Line Drive, 9)
Batting: LHB Chris Etheridge 0-0: Swinging Strike
0-1: Called Strike
0-2: Fly out, F8 (Flyball, 8LM)
Batting: RHB Bart Lewis 0-0: Swinging Strike
0-1: Ball
1-1: Foul Ball, location: 2F
1-2: Strikes out swinging
Bottom of the 1st over - 0 runs, 0 hits, 0 errors, 0 left on base; Vancouver 1 - Ft. Worth 0
TOP OF THE 2ND
Vancouver Grey Wolves batting - Pitching for Ft. Worth Cattlemen : RHP Nicholas Wells
Batting: RHB José Jarca 0-0: Ball
1-0: Ball
2-0: SOLO HOME RUN (Flyball, 7D), Distance : 393 ft
Batting: SHB Ted Striker 0-0: Called Strike
0-1: Ground out 5-3 (Groundball, 25)
Batting: RHB Rodney Hanna 0-0: Ball
1-0: Ball
2-0: Foul Ball, location: 2F
2-1: Ball
3-1: Fly out, F9 (Flyball, 9S)
Batting: RHB Danny Walsh 0-0: Ground out 5-3 (Groundball, 5L)
Top of the 2nd over - 1 run, 1 hit, 0 errors, 0 left on base; Vancouver 2 - Ft. Worth 0
BOTTOM OF THE 2ND
Ft. Worth Cattlemen batting - Pitching for Vancouver Grey Wolves : RHP Juan Pérez
Batting: LHB Rick Mayfield 0-0: Foul Ball, location: 2F
0-1: Swinging Strike
0-2: Ball
1-2: Strikes out looking
Batting: SHB Marcos Roa 0-0: Ground out 4-3 (Groundball, 4)
Batting: RHB Gilberto Juárez 0-0: Ball
1-0: Foul Ball, location: 2F
1-1: Ball
2-1: Ball
3-1: Base on Balls
Batting: LHB Nobuo Yamashita 0-0: Ball
1-0: DOUBLE (Line Drive, 3D)
Gilberto Juárez to third
Runner from 3rd tries for Home, SAFE, no throw
Batting: SHB Javier Vázquez 0-0: Called Strike
0-1: Foul Ball, location: 2F
0-2: Foul Ball, location: 2F
0-2: Ball
1-2: Ball
2-2: SINGLE (Line Drive, 4MD)
Nobuo Yamashita to third
Runner from 3rd tries for Home, SAFE, no throw
Batting: RHB Lloyd Alberink 0-0: Ground out 5-3 (Groundball, 56)
Bottom of the 2nd over - 2 runs, 2 hits, 0 errors, 1 left on base; Vancouver 2 - Ft. Worth 2
TOP OF THE 3RD
Vancouver Grey Wolves batting - Pitching for Ft. Worth Cattlemen : RHP Nicholas Wells
Batting: RHB Hank Scorpio 0-0: Ball
1-0: Ground out 4-3 (Groundball, 4D)
Batting: LHB David Smith 0-0: Called Strike
0-1: Ball
1-1: Ball
2-1: Foul Ball, location: 2F
2-2: Ball
3-2: Base on Balls
Batting: LHB Gustavo Cortéz 0-0: Called Strike
0-1: Ball
1-1: Ball
2-1: Foul Ball, location: 2F
2-2: SINGLE (Line Drive, 56D)
David Smith to second
Batting: RHB Hugh Mungus 0-0: Called Strike
0-1: Swinging Strike
0-2: Ball
1-2: Ball
2-2: Fly out, F7 (Flyball, 78S)
Batting: LHB Preston Witt 0-0: Called Strike
0-1: Ball
1-1: Called Strike
1-2: Ground out 1-3 (Groundball, 13)
Top of the 3rd over - 0 runs, 1 hit, 0 errors, 2 left on base; Vancouver 2 - Ft. Worth 2
BOTTOM OF THE 3RD
Ft. Worth Cattlemen batting - Pitching for Vancouver Grey Wolves : RHP Juan Pérez
Batting: LHB Jesús Morales 0-0: Fly out, F9 (Flyball, 9S)
Batting: LHB Chris Etheridge 0-0: Foul Ball, location: 2F
0-1: SINGLE (Flyball, 89S)
Batting: RHB Bart Lewis 0-0: Ball
Chris Etheridge is caught stealing 2nd base
1-0: Called Strike
1-1: Ball
2-1: Ball
3-1: Foul Ball, location: 2F
3-2: Foul Ball, location: 2F
3-2: Fly out, F9 (Flyball, 9LS)
Bottom of the 3rd over - 0 runs, 1 hit, 0 errors, 0 left on base; Vancouver 2 - Ft. Worth 2
TOP OF THE 4TH
Vancouver Grey Wolves batting - Pitching for Ft. Worth Cattlemen : RHP Nicholas Wells
Batting: RHB José Jarca 0-0: Ball
1-0: Ball
2-0: Ball
3-0: Called Strike
3-1: Swinging Strike
3-2: Strikes out swinging
Batting: SHB Ted Striker 0-0: Ball
1-0: Foul Ball, location: 2F
1-1: Ground out U3 (Groundball, 3)
Batting: RHB Rodney Hanna 0-0: Fly out, F6 (Line Drive, 6M)
Top of the 4th over - 0 runs, 0 hits, 0 errors, 0 left on base; Vancouver 2 - Ft. Worth 2
BOTTOM OF THE 4TH
Ft. Worth Cattlemen batting - Pitching for Vancouver Grey Wolves : RHP Juan Pérez
Batting: LHB Rick Mayfield 0-0: Ball
1-0: Called Strike
1-1: Ball
2-1: Ground out 5-3 (Groundball, 56)
Batting: SHB Marcos Roa 0-0: Ball
1-0: Ground out 6-3 (Groundball, 6D)
Batting: RHB Gilberto Juárez 0-0: Ground out 6-3 (Groundball, 6S)
Bottom of the 4th over - 0 runs, 0 hits, 0 errors, 0 left on base; Vancouver 2 - Ft. Worth 2
TOP OF THE 5TH
Vancouver Grey Wolves batting - Pitching for Ft. Worth Cattlemen : RHP Nicholas Wells
Batting: RHB Danny Walsh 0-0: SINGLE (Groundball, 56D)
Batting: RHB Hank Scorpio 0-0: Ball
1-0: Ball
2-0: Called Strike
2-1: Ball
3-1: SINGLE (Line Drive, 78S)
Danny Walsh to second
Batting: LHB David Smith 0-0: Ball
1-0: Foul Ball, location: 2F
1-1: 3-RUN HOME RUN (Flyball, 9D), Distance : 373 ft
Batting: LHB Gustavo Cortéz 0-0: Fly out, F5 (Popup, 5F)
Batting: RHB Hugh Mungus 0-0: SINGLE (Groundball, 15S) (infield hit)
Batting: LHB Preston Witt 0-0: DOUBLE (Line Drive, 78XD)
Hugh Mungus to third
Batting: RHB José Jarca 0-0: Intentional Walk
Pitching: RHP Enrique Cortéz
Batting: SHB Ted Striker 0-0: Called Strike
0-1: Ball
1-1: Swinging Strike
1-2: Foul Ball, location: 2F
1-2: Ball
2-2: Ball
3-2: DOUBLE (Flyball, 89XD)
Hugh Mungus scores
Preston Witt scores
José Jarca to third
Runner from 3rd tries for Home, SAFE, no throw
Batting: RHB Rodney Hanna 0-0: Called Strike
0-1: DOUBLE (Line Drive, 89D)
Ted Striker scores
Pinch Runner at 2nd Álex Estrada:
Batting: RHB Danny Walsh 0-0: Ball
1-0: Foul Ball, location: 2F
1-1: Ground out 3-1 (Groundball, 34S)
Álex Estrada to third
Batting: RHB Hank Scorpio 0-0: Ball
1-0: Foul Ball, location: 2F
1-1: Ball
2-1: Foul Ball, location: 2F
2-2: Foul Ball, location: 2F
2-2: Ball
3-2: Foul Ball, location: 2F
3-2: Foul Ball, location: 2F
3-2: Foul Ball, location: 2F
3-2: Base on Balls
Batting: LHB David Smith 0-0: Ball
1-0: Fly out, F8 (Flyball, 8RD)
Top of the 5th over - 7 runs, 7 hits, 0 errors, 2 left on base; Vancouver 9 - Ft. Worth 2
BOTTOM OF THE 5TH
Ft. Worth Cattlemen batting - Pitching for Vancouver Grey Wolves : RHP Juan Pérez
Now in CF: Álex Estrada
Batting: LHB Nobuo Yamashita 0-0: Called Strike
0-1: Ball
1-1: Called Strike
1-2: Ball
2-2: Foul Ball, location: 2F
2-2: Fly out, F6 (Line Drive, 6)
Batting: SHB Javier Vázquez 0-0: Ball
1-0: Foul Ball, location: 2F
1-1: Swinging Strike
1-2: Ball
2-2: DOUBLE (Line Drive, 9LM)
Batting: RHB Lloyd Alberink 0-0: SINGLE (Line Drive, 4D)
Javier Vázquez to third
Runner from 3rd tries for Home, SAFE, no throw
Batting: LHB Jesús Morales 0-0: Ball
1-0: Ball
Lloyd Alberink is caught stealing 2nd base
2-0: Ball
3-0: Called Strike
3-1: Swinging Strike
3-2: Strikes out swinging
Bottom of the 5th over - 1 run, 2 hits, 0 errors, 0 left on base; Vancouver 9 - Ft. Worth 3
TOP OF THE 6TH
Vancouver Grey Wolves batting - Pitching for Ft. Worth Cattlemen : RHP Enrique Cortéz
Batting: LHB Gustavo Cortéz 0-0: Called Strike
0-1: Ball
1-1: Foul Ball, location: 2F
1-2: Fly out, F6 (Popup, 6M)
Batting: RHB Hugh Mungus 0-0: Ground out 6-3 (Groundball, 6M)
Batting: LHB Preston Witt 0-0: SOLO HOME RUN (Line Drive, 89XD), Distance : 434 ft
Batting: RHB José Jarca 0-0: SINGLE (Flyball, 78S)
Batting: SHB Ted Striker 0-0: Ball
José Jarca steals 2nd base
1-0: Ball
2-0: Foul Ball, location: 2F
2-1: SINGLE (Groundball, 34D)
José Jarca to third
Runner from 3rd tries for Home, SAFE, no throw
Batting: RHB Álex Estrada 0-0: Foul Ball, location: 2F
0-1: Foul Ball, location: 2F
0-2: Fly out, F9 (Flyball, 89M)
Top of the 6th over - 2 runs, 3 hits, 0 errors, 1 left on base; Vancouver 11 - Ft. Worth 3
BOTTOM OF THE 6TH
Ft. Worth Cattlemen batting - Pitching for Vancouver Grey Wolves : RHP Juan Pérez
Batting: LHB Chris Etheridge 0-0: SINGLE (Groundball, 34S) (infield hit)
Batting: RHB Bart Lewis 0-0: Fly out, F8 (Flyball, 8LM)
Batting: LHB Rick Mayfield 0-0: Ball
1-0: Called Strike
1-1: 2-RUN HOME RUN (Flyball, 9LD), Distance : 349 ft
Batting: SHB Marcos Roa 0-0: Ball
1-0: Ball
2-0: Fly out, F8 (Flyball, 8RXD)
Batting: RHB Gilberto Juárez 0-0: Called Strike
0-1: Ball
1-1: Swinging Strike
1-2: Foul Ball, location: 2F
1-2: Ball
2-2: SINGLE (Flyball, 9S)
Batting: LHB Nobuo Yamashita 0-0: Ball
1-0: SINGLE (Line Drive, 7LS)
Gilberto Juárez to second
Runner from 2nd tries for 3rd, SAFE, no throw
Pitching: RHP Tate Beason
Batting: SHB Javier Vázquez 0-0: Foul Ball, location: 2F
0-1: Fly out, F9 (Flyball, 9LS)
Bottom of the 6th over - 2 runs, 4 hits, 0 errors, 2 left on base; Vancouver 11 - Ft. Worth 5
TOP OF THE 7TH
Vancouver Grey Wolves batting - Pitching for Ft. Worth Cattlemen : RHP Enrique Cortéz
Batting: RHB Danny Walsh 0-0: Foul Ball, location: 2F
0-1: Ball
1-1: Ball
2-1: Ball
3-1: Base on Balls
Batting: RHB Hank Scorpio 0-0: Ball
1-0: Called Strike
1-1: Ball
2-1: Ball
3-1: Base on Balls
Danny Walsh to second
Pitching: RHP Aaron Wise
Batting: LHB David Smith 0-0: Ball
1-0: Ball
2-0: Ball
3-0: Base on Balls
Danny Walsh to third
Hank Scorpio to second
Batting: LHB Gustavo Cortéz 0-0: Ball
1-0: Fly out, F9 (Flyball, 9LS)
Runner from 3rd tags up, SCORES, no throw
Batting: RHB Hugh Mungus 0-0: Foul Ball, location: 2F
0-1: Foul Ball, location: 2F
0-2: DOUBLE (Line Drive, 8LD)
Hank Scorpio scores
David Smith to third
Batting: LHB Preston Witt 0-0: Foul Ball, location: 2F
0-1: Ball
1-1: Ball
2-1: Called Strike
2-2: Ball
3-2: Foul Ball, location: 2F
3-2: Base on Balls
Batting: RHB José Jarca 0-0: Called Strike
0-1: Ball
1-1: Swinging Strike
1-2: Strikes out looking
Batting: SHB Ted Striker 0-0: Ball
1-0: Ball
2-0: Ball
3-0: Called Strike
3-1: Foul Ball, location: 2F
3-2: Base on Balls
David Smith scores
Hugh Mungus to third
Preston Witt to second
Batting: RHB Álex Estrada 0-0: SINGLE (Groundball, 56D)
Hugh Mungus scores
Preston Witt to third
Ted Striker to second
Runner from 3rd tries for Home, SAFE, no throw
Batting: RHB Danny Walsh 0-0: Foul Ball, location: 2F
0-1: Called Strike
0-2: Ball
1-2: Ball
2-2: SINGLE (Line Drive, 4D)
Ted Striker to third
Álex Estrada to second
Runner from 3rd tries for Home, SAFE, no throw
Batting: RHB Hank Scorpio 0-0: Ball
1-0: Ball
2-0: Swinging Strike
2-1: Ground out 3-1 (Groundball, 34)
Top of the 7th over - 6 runs, 3 hits, 0 errors, 2 left on base; Vancouver 17 - Ft. Worth 5
BOTTOM OF THE 7TH
Ft. Worth Cattlemen batting - Pitching for Vancouver Grey Wolves : RHP Tate Beason
Batting: RHB Lloyd Alberink 0-0: Called Strike
0-1: Hit by Pitch
Batting: LHB Jesús Morales 0-0: Foul Ball, location: 2F
0-1: Ball
1-1: Foul Ball, location: 2F
1-2: Ball
2-2: Foul Ball, location: 2F
2-2: Foul Ball, location: 2F
2-2: Foul Ball, location: 2F
2-2: Strikes out swinging
Batting: LHB Chris Etheridge 0-0: Ball
1-0: Ball
2-0: DOUBLE (Line Drive, 9LD)
Lloyd Alberink to third
Batting: RHB Bart Lewis 0-0: Ball
1-0: Ball
2-0: Ball
3-0: Base on Balls
Batting: LHB Rick Mayfield 0-0: Ball
1-0: SINGLE (Line Drive, 6D)
Lloyd Alberink scores
Chris Etheridge to third
Bart Lewis to second
Runner from 3rd tries for Home, SAFE, no throw
Batting: SHB Marcos Roa 0-0: Ball
1-0: Ball
2-0: Swinging Strike
2-1: Swinging Strike
2-2: Strikes out swinging
Batting: RHB Gilberto Juárez 0-0: Ball
1-0: Called Strike
1-1: Swinging Strike
1-2: Ball
2-2: Strikes out swinging
Bottom of the 7th over - 2 runs, 2 hits, 0 errors, 2 left on base; Vancouver 17 - Ft. Worth 7
TOP OF THE 8TH
Vancouver Grey Wolves batting - Pitching for Ft. Worth Cattlemen : RHP Aaron Wise
Batting: LHB David Smith 0-0: Ball
1-0: Called Strike
1-1: Ball
2-1: Fly out, F4 (Line Drive, 4)
Batting: LHB Gustavo Cortéz 0-0: Foul Ball, location: 2F
0-1: Ball
1-1: Ball
2-1: Swinging Strike
2-2: SINGLE (Groundball, 4D)
Pitching: RHP Roberto Cavazos
Batting: RHB Hugh Mungus 0-0: Ball
1-0: Called Strike
1-1: Swinging Strike
1-2: Foul Ball, location: 2F
1-2: Strikes out looking
Batting: LHB Preston Witt 0-0: Called Strike
0-1: Swinging Strike
0-2: Ball
1-2: Ball
2-2: Strikes out looking
Top of the 8th over - 0 runs, 1 hit, 0 errors, 1 left on base; Vancouver 17 - Ft. Worth 7
BOTTOM OF THE 8TH
Ft. Worth Cattlemen batting - Pitching for Vancouver Grey Wolves : RHP Tate Beason
Batting: LHB Nobuo Yamashita 0-0: Foul Ball, location: 2F
0-1: Called Strike
0-2: Ball
1-2: Strikes out looking
Pitching: RHP Nelle Liefting
Batting: SHB Javier Vázquez 0-0: Ball
1-0: Called Strike
1-1: Ball
2-1: Called Strike
2-2: Ball
3-2: Foul Ball, location: 2F
3-2: Foul Ball, location: 2F
3-2: Foul Ball, location: 2F
3-2: Foul Ball, location: 2F
3-2: Base on Balls
Batting: RHB Lloyd Alberink 0-0: Fly out, F7 (Flyball, 78S)
Batting: LHB Jesús Morales 0-0: Swinging Strike
0-1: Ball
1-1: Ground out 4-3 (Groundball, 4)
Bottom of the 8th over - 0 runs, 0 hits, 0 errors, 1 left on base; Vancouver 17 - Ft. Worth 7
TOP OF THE 9TH
Vancouver Grey Wolves batting - Pitching for Ft. Worth Cattlemen : RHP Roberto Cavazos
Pinch Hitting: SHB Seishiro Nishimura 0-0: Ball
1-0: Fly out, F8 (Flyball, 8LXD)
Batting: SHB Ted Striker 0-0: Ball
1-0: Ball
2-0: Ground out 3-1 (Groundball, 34S)
Batting: RHB Álex Estrada 0-0: Ball
1-0: Ball
2-0: Foul Ball, location: 2F
2-1: Ground out 5-3 (Groundball, 56S)
Top of the 9th over - 0 runs, 0 hits, 0 errors, 0 left on base; Vancouver 17 - Ft. Worth 7
BOTTOM OF THE 9TH
Ft. Worth Cattlemen batting - Pitching for Vancouver Grey Wolves : RHP Nelle Liefting
Now at 2B: Wilson Vega
Batting: LHB Chris Etheridge 0-0: Ball
1-0: Called Strike
1-1: Ball
2-1: Ball
3-1: Base on Balls
Batting: RHB Bart Lewis 0-0: Ball
1-0: Foul Ball, location: 2F
1-1: Ball
2-1: Fly out, F7 (Flyball, 78S)
Batting: LHB Rick Mayfield 0-0: Swinging Strike
0-1: Ball
1-1: Foul Ball, location: 2F
1-2: Strikes out swinging
Batting: SHB Marcos Roa 0-0: Called Strike
0-1: Ball
1-1: Swinging Strike
1-2: SINGLE (Line Drive, 8RS)
Chris Etheridge to second
Batting: RHB Gilberto Juárez 0-0: Ground out U3 (Groundball, 3)
Bottom of the 9th over - 0 runs, 1 hit, 0 errors, 2 left on base; Vancouver 17 - Ft. Worth 7
Tuesday, December 19th, 2017 - OOTP Baseball 18.8 Build 76